 Dungeon Crawl Stone Soup version 0.29-a0-821-g66395355a5 (webtiles) character file.

Game seed: 5878003316142055255

285 jimonade the Magician (level 6, 0/43 HPs)
             Began as a Djinni Hedge Wizard on July 7, 2022.
             Was an Initiate of Makhleb.
             Slain by an orc
             ... wielding a +0 short sword
              (5 damage)
             ... on level 4 of the Dungeon.
             The game lasted 00:10:44 (4616 turns).

jimonade the Magician (Djinni Hedge Wizard)         Turns: 4616, Time: 00:10:44

Health: 0/43       AC:  2    Str: 11    XL:     6   Next: 55%
Gold:   53         EV: 12    Int: 16    God:    Makhleb [......] SH:  0 Dex: 12

rFire   + + .      SeeInvis .   g - +0 spear
rCold   x . .      Faith    .   (no shield)
rNeg    . . .      Spirit   .   b - +0 robe
rPois   ∞          Reflect  .   c - +0 hat
rElec   .          Harm     .   (no cloak)
rCorr   .          Rampage  .   (no gloves)
Will    .....                   (boots unavailable)
Stlth   ++........              (no amulet)
HPRegen 0.14/turn               (no ring)
MPRegen 0.00/turn               (no ring)

@: flying
A: sickness immunity, fire resistance 2, cold vulnerability 1, float, innate
caster, HP casting, extra vitality 1
a: Renounce Religion


You were on level 4 of the Dungeon.
You worshipped Makhleb.
Makhleb was noncommittal.
You visited 1 branch of the dungeon, and saw 4 of its levels.
You also visited: Sewer.

You collected 53 gold pieces.

Inventory:

Hand Weapons
 a - a +0 dagger
 g - a +0 spear (weapon)
Missiles
 f - 21 stones
Armour
 b - a +0 robe (worn)
 c - a +0 hat (worn)
Magical Staves
 t - a staff of fire
Jewellery
 q - a ring of resist corrosion
Scrolls
 l - a scroll of blinking {unknown}
 o - a scroll of fog {unknown}
 r - a scroll of immolation {unknown}
 s - a scroll of enchant armour {unknown}
 u - a scroll of teleportation {unknown}
Potions
 d - a potion of curing
 e - a potion of degeneration {unknown}
 h - a potion of magic {unknown}
 i - a potion of berserk rage {unknown}
 j - 2 potions of mutation {unknown}
 k - 2 potions of might {unknown}
 m - a potion of invisibility {unknown}
 n - a potion of cancellation {unknown}
 p - a potion of haste {unknown}


   Skills:
 * Level 1.7 Fighting
 + Level 2.6 Dodging
 - Level 1.5 Stealth
 * Level 4.9 Spellcasting


You couldn't memorise any spells.
You knew the following spells:

 Your Spells              Type           Power      Damage    Failure   Level
a - Magic Dart            Conj           76%        1d6       1%          1
b - Blink                 Tloc           38%        N/A       3%          2
c - Call Imp              Summ           19%        N/A       3%          2
d - Slow                  Hex            76%        N/A       1%          1
e - Conjure Flame         Conj/Fire      19%        6-21      6%          3
f - Mephitic Cloud        Conj/Pois/Air  19%        N/A       6%          3
g - Necrotise             Necr           76%        1d7       1%          1
h - Searing Ray           Conj           38%        2d5       3%          2
Your spell library was empty.

Dungeon Overview and Level Annotations

Branches:
Dungeon (4/15)              Sewer (visited)
 Temple: D:4-7

Altars:
Makhleb
Nemelex Xobeh
Okawaru
Xom

Shops:
D:4 ?!!

Annotations:
D:2 Terence


Innate Abilities, Weirdness & Mutations

You are immune to sickness and miasma.
You are immune to poison.
Your flesh is very heat resistant. (rF++)
You are vulnerable to cold. (rC-)
You float through the air rather than walking.
You learn spells naturally, not from books.
Your magical power is your life essence.
You have superior vitality. (+4 MHP)


Message History

You kill the orc priest!
Makhleb accepts your kill. (Press . to maintain the ray.)
The orc hits you with a +0 short sword.
Casting: Searing Ray (safe; 3% risk of failure)
Confirm with . or Enter, or press ? or * to list all spells.
Restarting spell: Searing Ray (safe; 3% risk of failure)
Press: ? - help, Shift-Dir - straight line, f - orc
Aim: an orc, wielding a +0 short sword and wearing a +0 ring mail (severely wounded, 81% to hit)
The searing ray misses the orc. (Press . to maintain the ray.)
The orc hits you with a +0 short sword.
The searing ray misses the orc.
The orc hits you with a +0 short sword.
The searing ray misses the orc.
The orc hits you with a +0 short sword. x2
* * * LOW HITPOINT WARNING * * *
The searing ray hits the orc.
You kill the orc!
Makhleb accepts your kill.
* * * LOW HITPOINT WARNING * * *
You finish channelling your searing ray.
The orc barely misses you.
Casting: Searing Ray (safe; 3% risk of failure)
Confirm with . or Enter, or press ? or * to list all spells.
Aiming: Searing Ray (safe; 3% risk of failure)
Press: ? - help, Shift-Dir - straight line, f - orc
Aim: an orc, wielding a +0 short sword and wearing a +0 leather armour (78% to hit)
The searing ray hits the orc.
The orc is severely wounded. (Press . to maintain the ray.)
* * * LOW HITPOINT WARNING * * *
The orc barely misses you.
The searing ray hits the orc but does no damage.
The orc is severely wounded.
* * * LOW HITPOINT WARNING * * *
The orc hits you with a +0 short sword.
* * * LOW HITPOINT WARNING * * *
The searing ray misses the orc.
* * * LOW HITPOINT WARNING * * *
The orc hits you with a +0 short sword.
You die...

##### #...# #...###### ##
#...##...# ..
#########...#..[.. #.
#@)...............
#..####o#######.........
.###.......# #.........
.....###.### #...#..... #
#......#### #...##...#
#..#......# ####..#####
#.#.###...#.####...#..# #
#.....o##..........##.# #
###....#########...##.####


You could see an orc.

Vanquished Creatures
  An orc priest (D:4)
  A gnoll bouda (D:3)
  4 gnolls (D:3)
  3 adders (D:3)
  2 dart slugs
  4 orcs
  5 endoplasms
  2 goblins
  5 hobgoblins
  5 jackals
  A quokka (D:1)
  7 ball pythons
  4 bats
  9 frilled lizards
  4 kobolds
  5 rats
62 creatures vanquished.

Vanquished Creatures (collateral kills)
  Pargi (Sewer)
1 creature vanquished.

Grand Total: 63 creatures vanquished

Notes
Turn   | Place    | Note
-------+----------+-------------------------------------------
     0 | D:1      | jimonade the Djinni Hedge Wizard began the quest for the
                  | Orb.
     0 | D:1      | jimonade set off with the following spells memorised: Magic
                  | Dart, Blink, Call Imp, Slow, Conjure Flame, Mephitic Cloud.
     0 | D:1      | Reached XP level 1. HP: 15/15 MP: 0/0
   464 | D:1      | Reached XP level 2. HP: 15/21 MP: 0/0
   992 | D:1      | Reached skill level 3 in Spellcasting
  1151 | D:1      | Reached XP level 3. HP: 25/26 MP: 0/0
  1151 | D:1      | Learned a level 1 spell: Necrotise
  1361 | D:2      | Noticed Terence
  1509 | D:3      | Found a glowing drain.
  1516 | Sewer    | Entered a sewer
  1834 | Sewer    | Noticed Pargi
  2507 | Sewer    | Killed Pargi
  2508 | Sewer    | Reached skill level 1 in Fighting
  2508 | Sewer    | Reached skill level 4 in Spellcasting
  2508 | Sewer    | Reached XP level 4. HP: 24/32 MP: 0/0
  2508 | Sewer    | Reached XP level 5. HP: 28/37 MP: 0/0
  2508 | Sewer    | Learned a level 2 spell: Searing Ray
  3681 | D:3      | Reached XP level 6. HP: 28/42 MP: 0/0
  4001 | D:3      | Found a burning altar of Makhleb.
  4004 | D:3      | Found a sparkling altar of Nemelex Xobeh.
  4010 | D:3      | Became a worshipper of Makhleb the Destroyer
  4445 | D:4      | Found Gyupla's Distillery.
  4467 | D:4      | Found an iron altar of Okawaru.
  4468 | D:4      | Found a shimmering altar of Xom.
  4493 | D:4      | Found Kaboyq's Distillery.
  4547 | D:4      | Found Cetey's Magic Scroll Shop.
  4616 | D:4      | Slain by an orc

Illustrated notes

Levels and vault maps discovered:
D:1:      lightli_molten_gateway, layout_loops_ring,
          ebering_ecumenical_altar_petrified, minmay_misc_feat_diagonals,
          minivault_11
D:2:      layout_basic, basic_altar, minmay_tripent, uniq_terence
D:3:      layout_rooms, grunt_temple_overflow_diamond, portal_sewer_entry_b
D:4:      layout_rooms, mainiacjoe_overflow_divided_tiny, serial_shops, shop,
          nicolae_diamond_shop, shop, minmay_misc_feat_roman

Skill      XL: |  1  2  3 |
---------------+----------+-----
Spellcasting   | 3 4 |  4.9
Fighting       | 1 |  1.7
Dodging        | |  2.6
Stealth        | |  1.5

Action                   |  1- 3 |  4- 6 || total
-------------------------+-------+-------++-------
 Cast: Magic Dart        |    89 |    60 ||   149
       Necrotise         |    23 |       ||    23
       Call Imp          |     1 |       ||     1
       Searing Ray       |       |    15 ||    15
       Mephitic Cloud    |       |     2 ||     2
  Use: Scroll            |     1 |       ||     1
Armor: Robe              |     3 |     5 ||     8
Dodge: Dodged            |    13 |    25 ||    38

Table legend: (Time is in decaauts)
 A = Elapsed time spent in this place.
 B = Non-inter-level travel time spent in this place.
 C = Inter-level travel time spent in this place.
 D = Time resting spent in this place.
 E = Time spent auto-exploring this place.
 F = Levels seen in this place.
 G = Mean time per level.
                   A        B        C        D        E       F      G
               +--------+--------+--------+--------+--------+-----+--------+
         Total |   4614 |   4606 |      8 |   1382 |   2317 |   5 |  922.8 |
       Dungeon |   3455 |   3447 |      8 |    682 |   2211 |   4 |  863.8 |
         Sewer |   1158 |   1158 |      0 |    700 |    106 |   1 | 1158.0 |
               +--------+--------+--------+--------+--------+-----+--------+

Top non-repeatable levels by time:
     D:3: 1869 daAuts
     D:1: 1213 daAuts
   Sewer: 1158 daAuts
     D:4: 216 daAuts
     D:2: 155 daAuts
